 Dungeon Crawl Stone Soup version 0.30-a0-862-g1aabd4f9c5 (webtiles) character file.

Game seed: 7932843308374935504

79623 ICEMaiden the Geomancer (level 15, -22/82 HPs)
             Began as a Gargoyle Earth Elementalist on Jan 20, 2023.
             Was an Elder of Sif Muna.
             Engulfed by a cloud of freezing vapour (31 damage)
             ... on level 2 of the Orcish Mines on Mar 9, 2023.
             The game lasted 02:23:29 (26590 turns).

ICEMaiden the Geomancer (GrEE)                     Turns: 26590, Time: 02:23:30

Health: -22/82     AC: 21    Str: 13 (15) XL:     15   Next: 64%
Magic:  19/19      EV: 14    Int: 15 (16) God:    Sif Muna [****..]
Gold:   1437       SH:  4    Dex:  3 (4)  Spells: 3/27 levels left

rFire   + . .      SeeInvis +    b - +4 demon whip (vamp)
rCold   x x .      Faith    .    c - +0 buckler
rNeg    + . .      Spirit   .    I - +0 scale mail of the Stone Wall {rElec rF++ Regen+ Dex-4}
rPois   ∞          Reflect  .    X - +1 hat {SInv}
rElec   +          Rampage  .    J - scarf {shadows}
rCorr   .          Rnd*Tele +    s - +0 pair of gloves
Will    ++...      Rage     3%   l - +1 pair of boots
Stlth   ++                       y - amulet of magic regeneration
HPRegen 1.13/turn                E - ring of willpower
MPRegen 0.56/turn                d - +5 ring of evasion

@: on berserk cooldown, flying, slowed, studying Stealth, unable to read, unable
to drink, very slow
A: sickness immunity, AC +11, big wings, negative energy resistance 1,
electricity resistance, torment resistance 1, petrification resistance, [berserk
1], [clumsy 1], [deformed body], deterioration 1[+1], [dopey 1], [frail 1], [low
MP 2], [screaming 1], [teleportitis 1], [weak 1], [no potion heal 1], [cold
vulnerability 2], [heat vulnerability 1], [subdued magic 3], [inability to drink
after injury 2], [inability to read after injury 2]
a: Renounce Religion, Channel Magic, Forget Spell, Divine Exegesis


You were on level 2 of the Orcish Mines.
You worshipped Sif Muna.
Sif Muna was greatly pleased with you.
You visited 5 branches of the dungeon, and saw 22 of its levels.
You visited the Abyss 1 time.
You also visited: Sewer.

You collected 1825 gold pieces.
You spent 388 gold pieces at shops.

Inventory:

Hand Weapons
 b - a +4 vampiric demon whip (weapon)
Armour
 c - a +0 buckler (worn)
 l - a +1 pair of boots (worn)
 s - a +0 pair of gloves (worn)
 I - the +0 scale mail of the Stone Wall (worn) {rElec rF++ Regen+ Dex-4}
   (You found it on level 5 of the Lair of Beasts)

   Dex:       It affects your dexterity (-4).
   rF:        It greatly protects you from fire.
   rElec:     It insulates you from electricity.
   Regen:     It increases your rate of health regeneration.
 J - a scarf of shadows (worn)
 P - a +3 chain mail of cold resistance
 X - a +1 hat of see invisible (worn)
Magical Staves
 a - a staff of earth
 w - a staff of fire
Jewellery
 d - a +5 ring of evasion (right hand)
 j - a ring of resist corrosion
 t - a ring of ice
 y - an amulet of magic regeneration (around neck)
 A - a ring of positive energy
 B - a ring of protection from fire
 E - a ring of willpower (left hand)
 G - a ring of willpower
 S - a +6 ring of intelligence
Wands
 f - a wand of iceblast (1)
 i - a wand of digging (7)
 K - a wand of polymorph (6)
 V - a wand of flame (26)
Scrolls
 g - 4 scrolls of teleportation
 m - 3 scrolls of torment
 n - a scroll of acquirement
 o - 4 scrolls of amnesia
 p - a scroll of poison
 q - 5 scrolls of immolation
 u - a scroll of enchant armour
 D - a scroll of blinking
 H - 4 scrolls of magic mapping
 L - a scroll of silence
 M - a scroll of brand weapon
 Q - a scroll of vulnerability
 Y - 6 scrolls of identify
 Z - a scroll of summoning
Potions
 e - a potion of curing
 h - 2 potions of haste
 k - 2 potions of resistance
 r - 4 potions of mutation
 x - 3 potions of attraction
 z - 4 potions of might
 F - 5 potions of berserk rage
 T - 6 potions of ambrosia
 U - 2 potions of invisibility
 W - a potion of brilliance
Miscellaneous
 v - a condenser vane (inert)
 C - a phantom mirror
 N - a phial of floods (inert)
 R - a tin of tremorstones (2/2)


   Skills:
 * Level 10.1 Fighting
 * Level 6.0 Maces & Flails
 * Level 9.6 Armour
 + Level 7.7 Dodging
 + Level 8.5 Stealth
 * Level 8.5 Shields
 + Level 6.5 Spellcasting
 - Level 6.0 Conjurations
 + Level 0.8 Hexes
 * Level 3.2 Summonings
 + Level 5.1 Necromancy
 + Level 4.6 Translocations
 - Level 3.0 Transmutations
 + Level 8.0 Fire Magic
 - Level 7.0 Ice Magic
 + Level 0.8 Air Magic
 + Level 10.1 Earth Magic
 + Level 7.5 Invocations
 + Level 1.1 Evocations


You had 3 spell levels left.
You knew the following spells:

 Your Spells              Type           Power      Damage    Failure   Level
a - Stone Arrow           Conj/Erth      30%        3d8       3%          3
b - Sandblast             Erth           36%        2d10      1%          1
c - Dispel Undead         Necr           10%        3d9       45%         4
d - Kindle Blastsparks    Fire/Tloc/Air  18%        2d11      17%         3
p - Ozocubu's Armour      Ice            13%        N/A       5%          3
s - Lee's Rapid Deconstr  Erth           9%         3d7*      16%         5
x - Frozen Ramparts       Ice            26%        1d4       5%          3
z - Passwall              Tmut/Erth      10%        N/A       2%          2

Your spell library contained the following spells:

 Spells                   Type           Power      Damage    Failure   Level
 Foxfire                  Conj/Fire      52%        2x1d6     1%          1
 Freeze                   Ice            52%        1d6       1%          1
 Kiss of Death            Conj/Necr      44%        2d8       2%          1
 Magic Dart               Conj           48%        1d5       2%          1
 Searing Ray              Conj           24%        2d5       3%          2
 Hailstorm                Conj/Ice       12%        3d5       7%          3
 Vampiric Draining        Necr           10%        2d6       13%         3
 Slow                     Hex            12%        N/A       28%         1
 Dazzling Flash           Conj/Hex       14%        N/A       28%         3
 Summon Guardian Golem    Hex/Summ       5%         N/A       50%         3
 Confusing Touch          Hex            3%         N/A       67%         3
 Tukima's Dance           Hex            3%         N/A       67%         3
 Petrify                  Tmut/Erth      12%        N/A       26%         4
 Iskenderun's Mystic Bla  Conj/Tloc      11%        2d4       43%         4
 Ice Form                 Ice/Tmut       10%        N/A       47%         4
 Passage of Golubria      Tloc           9%         N/A       52%         4
 Fireball                 Conj/Fire      6%         3d5       54%         5
 Fulminant Prism          Conj/Hex       3%         3d5       73%         4
 Summon Forest            Summ/Tloc      4%         N/A       95%         5
 Summon Mana Viper        Hex/Summ       5%         N/A       99%         5
 Yara's Violent Unravell  Hex/Tmut       2%         3d3       99%         5
 Starburst                Conj/Fire      6%         6d4       99%         6
 Eringya's Noxious Bog    Tmut/Pois      2%         N/A       100%        6
 Malign Gateway           Summ/Tloc      4%         N/A       100%        7
 Monstrous Menagerie      Summ           3%         N/A       100%        7
 Summon Hydra             Summ           3%         N/A       100%        7
 Borgnjor's Revivificati  Necr           5%         N/A       100%        8
 Shatter                  Erth           9%         3d11*     100%        9


Dungeon Overview and Level Annotations

Branches:
Dungeon (13/15)            Temple (1/1) D:5            Lair (5/5) D:10
 Shoals (0/4) Lair:3        Snake (1/4) Lair:2        Slime (0/5) Lair:4
    Orc (2/2) D:11          Sewer (visited)
    Elf: Orc:2       Vaults: D:13-14

Altars:
Ashenzari
Cheibriados
Dithmenos
Elyvilon
Fedhas
Gozag
Hepliaklqana
Kikubaaqudgha
Makhleb
Nemelex Xobeh
Okawaru
Qazlal
Ru
Sif Muna
Trog
Uskayaw
Vehumet
Wu Jian
Xom
Yredelemnul
Zin
The Shining One
Lugonu

Shops:
D:1 [   D:5 *   D:6 [   D:9 (

Annotations:
Orc:2 3 runed translucent doors, Erolcha; bmack86's ghost, journeyman MiFi


Innate Abilities, Weirdness & Mutations

You are immune to sickness and miasma.
Your stone body is resilient. (AC +11)
You are immune to poison.
Your large and strong wings let you fly.
You resist negative energy. (rN+)
You are resistant to electric shocks. (rElec)
You are resistant to unholy torment.
You are immune to petrification.
[You sometimes lose your temper in combat.]
[You are clumsy. (Dex -2)]
[Armour fits poorly on your strangely shaped body.]
[Your body often deteriorates upon taking damage.]
[You are dopey. (Int -2)]
[You are frail. (-10% HP)]
[Your magical capacity is very low. (-20% MP)]
[You occasionally shout uncontrollably at your foes.]
[You are occasionally teleported next to monsters.]
[You are weak. (Str -2)]
[Potions are less effective at restoring your health.]
[You are very vulnerable to cold. (rC--)]
[You are vulnerable to heat. (rF-)]
[Your spells are much easier to cast, but much less powerful.]
[You sometimes lose the ability to drink potions when taking damage.]
[You sometimes lose the ability to read scrolls when taking damage.]


Message History

The ogre mage flickers and vanishes for a moment.
The two-headed ogre is engulfed in freezing vapours.
The two-headed ogre misses you. The two-headed ogre barely misses you.
The two-headed ogre is engulfed in freezing vapours.
The orc is engulfed in freezing vapours.
You kill the orc!
Sif Muna accepts your kill.
The orc is engulfed in freezing vapours.
You kill the orc!
Sif Muna accepts your kill.
The ogre is engulfed in freezing vapours. x2
The ogre misses you.
The two-headed ogre is engulfed in freezing vapours.
The ogre mage is engulfed in freezing vapours.
The ogre is engulfed in freezing vapours.
You kill the ogre!
Sif Muna accepts your kill.
You hear a shout!
You hear two shouts! x2
The ogre is engulfed in freezing vapours. x2
The ogre barely misses you.
The two-headed ogre is engulfed in freezing vapours.
The ogre is engulfed in freezing vapours.
You kill the ogre!
Sif Muna accepts your kill.
The ogre mage is engulfed in freezing vapours.
The two-headed ogre is engulfed in freezing vapours.
The ogre is engulfed in freezing vapours.
You kill the ogre!
Sif Muna accepts your kill.
The two-headed ogre hits you but does no damage.
The two-headed ogre hits you with a +0 giant club!
* * * LOW HITPOINT WARNING * * *
Things that are here:
a +0 flail; a +0 scale mail; an orc corpse Really fly into that cloud of freezing vapour?
The two-headed ogre attacks as you move away!
The two-headed ogre barely misses you.
The two-headed ogre hits you but does no damage.
You are engulfed in freezing vapours.
You die...

#.........
#.....§§§. .....§§§.
#.§§§O§§. ##§§§§....
#§§§O§§... #§O§§☼...
#)O§§§... .#
##@§§.... ...
##.)...... ...
#...........## ##...
##........$..# #....
#............###..##
##.............$..##
#...................
##.......#........#.
##......#...........


You could see 2 two-headed ogres, an ogre mage (invisible) and an ogre.

Vanquished Creatures
  3 tentacled starspawn (Abyss:3)
  Gastronok (D:11)
  An orc warlord (Orc:1)
  2 very ugly things (Abyss:3)
  The ghost of karrick the Bludgeoner, a journeyman GrFi of Okawaru (Lair:5)
  A blizzard demon (Abyss:3)
  4 hydras
  A boulder beetle (Lair:5)
  3 centaur warriors (D:13)
  2 two-headed ogres (D:11)
  5 death yaks
  A naga warrior (Snake:1)
  A shock serpent (Snake:1)
  7 skeletal warriors
  A wretched star (Orc:2)
  A mana viper (Lair:2)
  An orc knight (D:9)
  5 deep elf pyromancers
  4 ugly things
  4 manticores
  3 cyclopes
  An orc sorcerer (Orc:1)
  3 large abominations (Abyss:3)
  A salamander (Snake:1)
  A worldbinder (Abyss:3)
  2 moths of wrath (Lair:5)
  15 elephants
  7 black mambas
  A merfolk siren (Lair:3)
  2 torpor snails
  2 gargoyles
  3 rime drakes
  7 cane toads
  A yaktaur (D:13)
  An efreet (D:13)
  A kobold demonologist (D:13)
  6 komodo dragons
  6 trolls
  A meliai (shapeshifter) (Abyss:3)
  12 polar bears
  A hornet (D:9)
  Prince Ribbit (D:6)
  9 blink frogs
  6 dream sheep (Lair:3)
  2 slime creatures (D:13)
  4 flying skulls (Abyss:3)
  A shadow (D:11)
  A ynoxinul (Orc:2)
  A wyvern (Lair:3)
  A human (D:8)
  4 wraiths
  59 yaks
  3 hogs (D:8)
  2 steam dragons
  4 basilisks
  A neqoxec (Abyss:3)
  A vampire mosquito (D:13)
  8 wargs
  2 nagas (Lair:2)
  2 acid dragons
  17 water moccasins
  15 hell hounds (Lair:5)
  10 orc warriors
  12 black bears
  2 ice beasts
  2 sky beasts (D:7)
  10 ogres
  A centaur (D:13)
  3 starcursed masses (Orc:2)
  25 wolves
  A phantom (D:4)
  A kobold brigand (D:10)
  4 small abominations (Abyss:3)
  11 bullfrogs
  2 necrophages
  4 scorpions
  A gnoll sergeant (D:8)
  4 wights (D:9)
  9 killer bees
  A vampire bat (D:5)
  An electric eel (Lair:4)
  9 howler monkeys
  2 hounds
  7 jellies
  17 orc priests
  A gnoll bouda (D:7)
  4 iguanas
  An iron imp (D:6)
  17 orc wizards
  12 gnolls
  9 adders
  2 white imps (D:6)
  A worm (D:2)
  3 dart slugs
  75 orcs
  11 ball pythons
  16 endoplasms
  11 giant cockroaches
  11 goblins
  5 hobgoblins
  3 jackals (D:1)
  15 quokkas
  14 bats
  11 frilled lizards
  11 kobolds
  2 rats (D:2)
  A butterfly (Lair:2)
  A starspawn tentacle (Abyss:3)
646 creatures vanquished.

Vanquished Creatures (collateral kills)
  A black mamba (Lair:5)
  A rime drake (Lair:5)
  A yak (Lair:5)
3 creatures vanquished.

Vanquished Creatures (others)
  A cyclops (D:11)
  A wyvern (Lair:5)
  A small abomination (Abyss:3)
  27 fungi
  50 plants
  9 starspawn tentacles (Abyss:3)
89 creatures vanquished.

Grand Total: 738 creatures vanquished

Notes
Turn   | Place    | Note
-------+----------+-------------------------------------------
     0 | D:1      | ICEMaiden the Gargoyle Earth Elementalist began the quest
                  | for the Orb.
     0 | D:1      | Reached XP level 1. HP: 10/10 MP: 3/3
   116 | D:1      | Reached XP level 2. HP: 16/16 MP: 0/5
   210 | D:1      | Reached skill level 1 in Transmutations
   266 | D:1      | Found Arawipn's Armour Shoppe.
   448 | D:1      | Reached skill level 1 in Conjurations
   465 | D:1      | Reached XP level 3. HP: 17/20 MP: 0/6
  1489 | D:2      | Found an opulent altar of Gozag.
  1524 | D:2      | Reached skill level 1 in Fighting
  1634 | D:2      | Reached XP level 4. HP: 25/25 MP: 4/7
  1916 | D:3      | Found a glowing golden altar of the Shining One.
  2192 | D:3      | Found a burning altar of Makhleb.
  2229 | D:3      | Found a bloodstained altar of Trog.
  2262 | D:3      | Reached XP level 5. HP: 25/29 MP: 5/8
  2474 | D:3      | Learned a level 3 spell: Stone Arrow
  2477 | D:3      | Learned a level 2 spell: Passwall
  2484 | D:3      | Found a faded altar of an unknown god.
  2702 | D:4      | You fall into a shaft and drop 3 floors!
  2708 | D:7      | Identified a scroll of acquirement
  2788 | D:7      | Reached skill level 1 in Armour
  2841 | D:5      | Entered Level 5 of the Dungeon
  2917 | D:6      | Reached XP level 6. HP: 34/35 MP: 6/9
  2922 | D:6      | Noticed an orc warrior
  2930 | D:5      | Noticed an ice beast
  2949 | D:4      | Reached skill level 1 in Fire Magic
  2949 | D:4      | Reached skill level 1 in Ice Magic
  3097 | D:4      | Found a hazy altar of Hepliaklqana.
  3098 | D:4      | Found a shimmering altar of Xom.
  3099 | D:4      | Noticed a spectral ugly thing
  3126 | D:4      | Found a glowing drain.
  3135 | Sewer    | Entered a sewer
  3658 | Sewer    | Reached XP level 7. HP: 28/40 MP: 2/11
  3751 | Sewer    | Learned a level 3 spell: Hailstorm
  4169 | D:4      | Reached skill level 5 in Earth Magic
  4469 | D:5      | Reached XP level 8. HP: 22/46 MP: 2/12
  4558 | D:5      | Found a staircase to the Ecumenical Temple.
  4567 | Temple   | Entered the Ecumenical Temple
  4660 | Temple   | Became a worshipper of Sif Muna the Loreminder
  5005 | D:5      | Found Gozag's Platinum Reserve.
  5005 | D:5      | Found an opulent altar of Gozag.
  5037 | D:5      | Found a blossoming altar of Fedhas.
  5717 | D:6      | Reached * piety under Sif Muna
  5951 | D:6      | Noticed Prince Ribbit
  5989 | D:6      | Killed Prince Ribbit
  5990 | D:6      | Reached XP level 9. HP: 41/52 MP: 6/14
  6160 | D:6      | Learned a level 3 spell: Frozen Ramparts
  6831 | D:6      | Found Zonoagg's Armour Boutique.
  6839 | D:6      | Bought a scarf of shadows for 180 gold pieces
  6910 | D:6      | Found a snail-covered altar of Cheibriados.
  7534 | D:7      | Reached ** piety under Sif Muna
  7595 | D:7      | Reached skill level 5 in Conjurations
  7719 | D:7      | Found a white marble altar of Elyvilon.
  7858 | D:8      | Reached skill level 1 in Invocations
  7858 | D:8      | Reached XP level 10. HP: 47/58 MP: 4/15
  7894 | D:8      | Reached skill level 5 in Fighting
  8121 | D:8      | Reached skill level 1 in Shields
  8127 | D:8      | Reached skill level 5 in Armour
  8630 | D:8      | Found a stormy altar of Qazlal.
  8650 | D:8      | Found a radiant altar of Vehumet.
  8666 | D:8      | Reached *** piety under Sif Muna
  8667 | D:8      | Reached skill level 1 in Necromancy
  8687 | D:8      | Reached skill level 5 in Stealth
  9073 | D:9      | Found Nics's Antique Weapon Shoppe.
  9149 | D:9      | Learned a level 5 spell: Lee's Rapid Deconstruction
  9478 | D:9      | Reached skill level 5 in Fire Magic
  9624 | D:9      | Noticed an orc knight
  9645 | D:9      | Noticed an orc knight
  9889 | D:10     | Entered Level 10 of the Dungeon
 10318 | D:10     | Reached skill level 1 in Translocations
 10319 | D:10     | Reached skill level 5 in Ice Magic
 10320 | D:10     | Reached XP level 11. HP: 45/64 MP: 8/17
 10982 | D:10     | Found a staircase to the Lair.
 11495 | D:1      | Bought a +1 hat of see invisible for 208 gold pieces
 11665 | D:9      | Noticed an orc knight
 11676 | D:9      | Killed an orc knight
 11677 | D:9      | Reached skill level 5 in Dodging
 12153 | D:9      | Noticed a cyclops
 12168 | D:9      | Noticed a two-headed ogre
 12277 | D:11     | Noticed Gastronok
 12445 | D:11     | Noticed a cyclops
 12762 | Lair:1   | Entered Level 1 of the Lair of Beasts
 14012 | Lair:2   | Identified the +8 quarterstaff "Xefficw" {spect, Str+4}
 14594 | Lair:2   | Found a staircase to the Snake Pit.
 14855 | Lair:2   | Reached XP level 12. HP: 71/71 MP: 13/19
 15017 | Lair:2   | Reached **** piety under Sif Muna
 15806 | Snake:1  | Entered Level 1 of the Snake Pit
 15806 | Snake:1  | Noticed a naga warrior
 15927 | Snake:1  | Noticed a shock serpent
 16472 | Lair:3   | Reached skill level 5 in Spellcasting
 16570 | Lair:3   | Reached skill level 1 in Maces & Flails
 16817 | Lair:3   | Found a staircase to the Shoals.
 17254 | Lair:3   | Reached skill level 5 in Shields
 17552 | Lair:3   | Reached XP level 13. HP: 78/78 MP: 11/20
 18330 | Lair:4   | Reached ***** piety under Sif Muna
 18331 | Lair:4   | Reached skill level 5 in Invocations
 18688 | Lair:4   | Found a staircase to the Slime Pits.
 18806 | Lair:4   | Received a gift from Sif Muna
 18808 | Lair:4   | Got Sif Muna's Octavo of Congealing Jinxing {god gift}
 19503 | Lair:5   | Entered Level 5 of the Lair of Beasts
 19769 | Lair:5   | Found a transporter.
 19799 | Lair:5   | Noticed karrick's ghost (journeyman GrFi)
 19804 | Lair:5   | Found a transporter.
 19948 | Lair:5   | Learned a level 3 spell: Ozocubu's Armour
 19952 | Lair:5   | Learned a level 3 spell: Kindle Blastsparks
 20776 | Lair:5   | Gained mutation: Your large and strong wings let you fly.
                  | [Gargoyle growth]
 20776 | Lair:5   | Reached XP level 14. HP: 79/84 MP: 11/22
 21338 | Lair:5   | Identified the +0 scale mail of the Stone Wall {rElec rF++
                  | Regen+ Dex-4}
 21662 | Lair:5   | Received a gift from Sif Muna
 21663 | Lair:5   | Got Ytahaef's Lectures on Productive Misery {god gift}
 21930 | Lair:5   | Learned a level 4 spell: Dispel Undead
 22061 | Lair:5   | Killed karrick's ghost
 22283 | Snake:1  | Reached skill level 1 in Summonings
 22285 | Snake:1  | Noticed a nagaraja
 22296 | Snake:1  | Noticed a nagaraja
 22604 | D:11     | Found a staircase to the Orcish Mines.
 23092 | D:11     | Reached skill level 5 in Maces & Flails
 23196 | D:11     | Killed Gastronok
 23258 | D:11     | Identified the +2 robe of Vuareh {rC+ Int+2}
 23304 | D:11     | Found a broken altar of Ashenzari.
 24223 | D:12     | Found a corrupted altar of Lugonu.
 24455 | D:13     | Reached skill level 10 in Earth Magic
 24585 | D:12     | Reached XP level 15. HP: 29/91 MP: 2/24
 24948 | D:13     | Identified the +0 sling of the Establishment {freeze, rElec
                  | rPois Will++ Str-4 Stlth+}
 24956 | D:13     | Got the Annotations on the Singularity and the Anticline
 24997 | D:12     | Upgraded the game from 0.30-a0-696-g2367cd04db to
                  | 0.30-a0-800-g7c544603b3
 25043 | D:13     | Reached skill level 5 in Necromancy
 25410 | Orc:1    | Entered Level 1 of the Orcish Mines
 25436 | D:11     | Upgraded the game from 0.30-a0-800-g7c544603b3 to
                  | 0.30-a0-862-g1aabd4f9c5
 25545 | Orc:1    | Noticed an orc warlord
 25569 | Orc:1    | Killed an orc warlord
 25796 | Orc:2    | Entered Level 2 of the Orcish Mines
 25853 | Orc:2    | Noticed bmack86's ghost (journeyman MiFi)
 25853 | Orc:2    | Found a runed translucent gate.
 25854 | Orc:2    | Found a runed translucent gate.
 25869 | Orc:2    | Found a runed translucent gate.
 25872 | Orc:2    | Identified the +5 sling of Generosity {freeze, Fragile
                  | +Blink rF+ SInv}
 25874 | Orc:2    | Identified the ring "Sithus" {rElec rF++ rC+ MP-9 Int-5}
 25875 | Orc:2    | Identified the +1 scale mail of the Lobster {rPois rC+
                  | Str+3}
 25921 | Orc:2    | Noticed Erolcha
 25922 | Abyss:2  | Cast into level 2 of the Abyss (Erolcha)
 25948 | Abyss:2  | Noticed a tentacled starspawn
 25997 | Abyss:2  | Noticed a deep elf sorcerer
 26176 | Abyss:3  | Noticed a tentacled starspawn
 26212 | Abyss:3  | Noticed a tentacled starspawn
 26237 | Abyss:3  | Killed a tentacled starspawn
 26244 | Abyss:3  | Gained mutation: [Your body sometimes deteriorates upon
                  | taking damage.] [a neqoxec]
 26257 | Abyss:3  | Noticed a tentacled starspawn
 26278 | Abyss:3  | Killed a tentacled starspawn
 26279 | Abyss:3  | Reached skill level 10 in Fighting
 26329 | Abyss:3  | Killed a tentacled starspawn
 26332 | Abyss:3  | Reached skill level 1 in Evocations
 26343 | Abyss:3  | Noticed a green draconian monk
 26362 | Orc:2    | Escaped the Abyss
 26590 | Orc:2    | Engulfed by a cloud of freezing vapour

Illustrated notes

Levels and vault maps discovered:
D:1:      scummos_arrival_checkerplants, layout_basic, serial_shops,
          nicolae_square_shop, minmay_split_cup_large
D:2:      layout_loops_ring, basic_altar
D:3:      layout_rooms, old_standard_altar, nicolae_overflow_crystal_walls,
          tso_metal_star, dreamdust_ecumenical_altar_hidden_monk_grotto,
          minmay_misc_feat_plants
D:4:      layout_rooms, regret_index_temple_of_mockery, portal_sewer_entry_f,
          kennysheep_nondescript, chequers_serial_rivers_micro_c
D:5:      layout_cave_pools, mainiacjoe_overflow_six_doors_small,
          nicolae_gozag_zags_fifth_avenue, minmay_temple_entry_trees,
          hangedman_decor_growths, roderic_batcave, kennysheep_windowed_goal
D:6:      layout_rooms, slow_altar_2, serial_shops, nicolae_shop_crystal,
          uniq_prince_ribbit1
D:7:      layout_rooms, general_overflow_altar
D:8:      layout_basic, vehumet_altar_wand_db, nicolae_qazlal_general_emergency,
          nrook_mini_backslash, grunt_livestock
D:9:      layout_long_grid, serial_shops, shop, minivault_4,
          minmay_misc_feat_tower, hellmonk_guarded_unrand_dark_maul
D:10:     layout_cave_pods, david_lair_shrubbed, minmay_misc_feat_room
D:11:     layout_basic, orc_0_dummy, cheibrodos_ashenzari_chains, uniq_gastronok
D:12:     layout_rooms, tgw_lugonu_bribe
D:13:     layout_stronghold, grunt_vaults_entry_fortified,
          minmay_the_grid_square_5x5_3x3_mashed
          [minmay_the_grid_square_5x5_intrusive_squares,
          minmay_the_grid_square_5x5_tetrominoes,
          minmay_the_grid_square_5x5_hollow_slash,
          minmay_the_grid_square_5x5_checkered_sparse,
          minmay_the_grid_square_5x5_megaprize_checkered,
          minmay_the_grid_square_5x5_almost_minimal,
          minmay_the_grid_square_5x5_six,
          minmay_the_grid_square_5x5_sharp_hourglass,
          minmay_the_grid_square_5x5_inverted_slash]
Temple:   jpeg_temple_clearing
Lair:1:   dreamdust_cave_troll, layout_cave_pods
Lair:2:   layout_cellular_growth, guppyfry_snake_entry_island,
          grunt_megastairs_2, lemuel_fruit_fields
Lair:3:   layout_cave_pods, elwin_shoals_entry_rooms
Lair:4:   layout_gridlike, minmay_slime_entry_pillars, serial_bayou_shore_b,
          infiniplex_staircase_pool
Lair:5:   hangedman_lair_caniforms_friends, layout_gridlike,
          gammafunk_ghost_berserking_beasts
Snake:1:  gammafunk_sealed_library, layout_onion
Orc:1:    layout_diamond_mine, lemuel_statue_altar
Orc:2:    st_orc_ogre_mass, layout_caves, serial_shops, shop_statue,
          biasface_ghost_orc_armoury, mines2_david, uniq_erolcha, uniq_urug,
          uniq_donald, uniq_maurice

Skill      XL: |  1  2  3  4  5  6  7  8  9 10 11 12 13 14 15 |
---------------+----------------------------------------------+-----
Transmutations | 1 2 3 |  3.0
Conjurations   | 1 2 3 4 5 6 |  6.0
Fighting       | 1 2 3 4 5 6 7 8 9 10 | 10.1
Earth Magic    | 4 5 6 7 8 9 10 | 10.1
Dodging        | 2 3 4 5 6 7 |  7.7
Armour         | 1 2 3 4 5 6 7 8 9 |  9.6
Fire Magic     | 1 2 3 4 5 6 7 8 |  8.0
Ice Magic      | 1 2 3 4 5 6 7 |  7.0
Stealth        | 3 4 5 6 7 8 |  8.5
Spellcasting   | 3 4 5 6 |  6.5
Invocations    | 1 2 3 4 6 7 |  7.5
Shields        | 2 3 5 6 7 8 |  8.5
Necromancy     | 2 3 4 5 |  5.1
Translocations | 1 2 3 4 |  4.6
Maces & Flails | 2 4 5 6 |  6.0
Summonings     | 2 3 |  3.2
Evocations     | 1 |  1.1
Hexes          | |  0.8
Air Magic      | |  0.8

Action                     |  1- 3 |  4- 6 |  7- 9 | 10-12 | 13-15 || total
---------------------------+-------+-------+-------+-------+-------++-------
  Melee: Unarmed           |     1 |       |       |       |       ||     1
         Dagger            |    36 |    14 |       |       |       ||    50
         Short sword       |       |     5 |   108 |       |       ||   113
         Mace              |       |       |     9 |    44 |       ||    53
         Demon whip        |       |       |       |   142 |   293 ||   435
         Staff             |       |       |       |       |     1 ||     1
  Throw: Javelin           |       |     6 |    15 |     7 |       ||    28
   Cast: Sandblast         |    45 |   117 |   167 |    75 |    39 ||   443
         Stone Arrow       |       |       |    23 |   152 |   455 ||   630
         Frozen Ramparts   |       |       |     5 |    27 |    47 ||    79
         Passwall          |       |       |     1 |     1 |     6 ||     8
         Hailstorm         |       |       |       |     1 |     4 ||     5
         Ozocubu's Armour  |       |       |       |       |    36 ||    36
         Lee's Rapid Decon |       |       |       |       |    34 ||    34
         Dispel Undead     |       |       |       |       |     8 ||     8
         Monstrous Menager |       |       |       |       |     1 ||     1
         Summon Hydra      |       |       |       |       |     1 ||     1
         Kindle Blastspark |       |       |       |       |     1 ||     1
 Invoke: Channel Magic     |       |       |       |       |     8 ||     8
         Divine Exegesis   |       |       |       |       |     2 ||     2
         Forget Spell      |       |       |       |       |     1 ||     1
  Evoke: Wand              |       |       |    11 |    17 |    48 ||    76
         Tin of tremorston |       |       |       |     2 |     1 ||     3
         Phial of floods   |       |       |       |       |     2 ||     2
         Condenser vane    |       |       |       |       |     1 ||     1
    Use: Scroll            |       |     9 |     7 |    18 |    10 ||    44
         Potion            |       |     2 |     1 |     1 |     5 ||     9
   Stab: Sleeping          |     2 |       |     4 |       |     1 ||     7
 Armour: Robe              |     4 |       |       |       |       ||     4
         Leather armour    |    24 |    84 |   143 |       |       ||   251
         Ring mail         |       |       |    81 |   134 |   168 ||   383
         Scale mail        |       |       |       |       |   169 ||   169
         Skin              |       |       |       |       |     9 ||     9
  Dodge: Dodged            |    50 |    94 |   254 |   227 |   570 ||  1195
  Block: Buckler           |       |       |       |    50 |   180 ||   230

Table legend: (Time is in decaauts)
 A = Elapsed time spent in this place.
 B = Non-inter-level travel time spent in this place.
 C = Inter-level travel time spent in this place.
 D = Time resting spent in this place.
 E = Time spent auto-exploring this place.
 F = Levels seen in this place.
 G = Mean time per level.
                   A        B        C        D        E       F      G
               +--------+--------+--------+--------+--------+-----+--------+
         Total |  27020 |  24358 |   2662 |   5233 |  13123 |  25 | 1080.8 |
       Dungeon |  15341 |  13545 |   1796 |   2364 |   7965 |  13 | 1180.1 |
        Temple |    103 |     73 |     30 |      0 |     61 |   1 |  103.0 |
          Lair |   9582 |   8800 |    782 |   2362 |   4662 |   5 | 1916.4 |
     Snake Pit |    147 |    122 |     25 |     19 |     33 |   1 |  147.0 |
  Orcish Mines |    699 |    672 |     27 |     73 |    254 |   2 |  349.5 |
         Abyss |    441 |    441 |      0 |    134 |     35 |   2 |  220.5 |
         Sewer |    704 |    704 |      0 |    281 |    112 |   1 |  704.0 |
               +--------+--------+--------+--------+--------+-----+--------+

Top non-repeatable levels by time:
  Lair:3: 2437 daAuts
  Lair:5: 2366 daAuts
  Lair:2: 2073 daAuts
    D:10: 1720 daAuts
    D:11: 1700 daAuts
     D:5: 1621 daAuts
     D:8: 1595 daAuts
     D:9: 1527 daAuts
     D:6: 1435 daAuts
  Lair:1: 1354 daAuts
  Lair:4: 1350 daAuts
     D:1: 1311 daAuts
     D:3: 822 daAuts
    D:12: 817 daAuts
     D:4: 770 daAuts
